 Dungeon Crawl Stone Soup version 0.30-a0-424-g7412bad402 (webtiles) character file.

Game seed: 7677946707623591712

34 Inus the Sneak (level 3, -5/14 HPs)
             Began as a Felid Venom Mage on Dec 9, 2022.
             Killed from afar by Terence (7 damage)
             ... with a puff of flame
             ... on level 2 of the Dungeon.
             The game lasted 00:04:32 (1193 turns).

Inus the Sneak (Felid Venom Mage)                   Turns: 1193, Time: 00:04:32

Health: -5/14      AC:  1    Str:  6    XL:     3   Next: 14%
Magic:  0/7        EV: 17    Int: 16    God:
Gold:   95         SH:  0    Dex: 16    Spells: 0/6 levels left
                                        Lives:  0   Deaths: 0

rFire   . . .      SeeInvis +    (weapon unavailable)
rCold   . . .      Faith    .    (shield unavailable)
rNeg    . . .      Spirit   .    (body armour unavailable)
rPois   .          Reflect  .    (helmet unavailable)
rElec   .          Harm     .    (cloak unavailable)
rCorr   .          Rampage  .    (gloves unavailable)
Will    .....                    (boots unavailable)
Stlth   ++........               (no amulet)
HPRegen 0.22/turn                (no ring)
MPRegen 0.10/turn                (no ring)

@: quick
A: very small, claws 1, fangs 3, see invisible, speed 1, shaggy fur 1, stealthy
paws, no weapons or thrown items, no armour, multi-lived
a: no special abilities


You were on level 2 of the Dungeon.
You visited 1 branch of the dungeon, and saw 2 of its levels.

You collected 95 gold pieces.

Inventory:

Scrolls
 b - 2 scrolls of blinking {unknown}
 c - a scroll of noise {unknown}
 d - a scroll of magic mapping {unknown}
 e - a scroll of identify {unknown}
 g - a scroll of amnesia {unknown}
Potions
 a - a potion of magic
 f - 2 potions of cancellation {unknown}


   Skills:
 - Level 3.0 Dodging
 - Level 3.0 Stealth
 + Level 2.4 Spellcasting
 + Level 0.0 Conjurations
 - Level 2.0 Transmutations
 + Level 0.0 Air Magic
 - Level 3.0 Poison Magic


You couldn't memorise any spells.
You knew the following spells:

 Your Spells              Type           Power      Damage    Failure   Level
a - Sting                 Tmut/Pois      40%        1d5       7%          1
b - Poisonous Vapours     Pois/Air       14%        N/A       16%         2
c - Mephitic Cloud        Conj/Pois/Air  5%         N/A       36%         3

Your spell library contained the following spells:

 Spells                   Type           Power      Damage    Failure   Level
 Olgreb's Toxic Radiance  Pois           11%        N/A       50%         4


Dungeon Overview and Level Annotations

Branches:
Dungeon (2/15)

Altars:

Annotations:
D:2 Terence


Innate Abilities, Weirdness & Mutations

You have sharp claws.
You have razor-sharp teeth.
You have supernaturally acute eyesight. (SInv)
You cover ground quickly. (Speed+)
You are covered in fur. (AC +1)
Your paws help you pounce on unaware monsters.
You are incapable of wielding weapons or throwing items.
You cannot wear armour.
You gain extra lives every three experience levels.


Message History

Poisonous vapours surround Terence!
Terence is poisoned.
Casting: Poisonous Vapours (safe; 16% risk of failure)
Confirm with . or Enter, or press ? or * to list all spells.
Aiming: Poisonous Vapours (safe; 16% risk of failure)
Press: ? - help, Dir - move target, f/p - Terence
Aim: Terence, wielding a +5 mace of protection, wearing a +0 scale mail and carrying a wand of flame (22) (poisoned) Poisonous vapours surround Terence!
Terence looks even sicker.
Casting: Poisonous Vapours (safe; 16% risk of failure)
Confirm with . or Enter, or press ? or * to list all spells.
You can't see any susceptible monsters within range! (Use Z to cast anyway.) Unknown command.
Casting: Poisonous Vapours (safe; 16% risk of failure)
Confirm with . or Enter, or press ? or * to list all spells.
Aiming: Poisonous Vapours (safe; 16% risk of failure)
Press: ? - help, Dir - move target, f/p - Terence
Aim: Terence, wielding a +5 mace of protection, wearing a +0 scale mail and carrying a wand of flame (22) (very poisoned) Poisonous vapours surround Terence!
Terence looks even sicker.
There is an escape hatch in the ceiling here.
Casting: Poisonous Vapours (safe; 16% risk of failure)
Confirm with . or Enter, or press ? or * to list all spells.
Aiming: Sting (safe; 7% risk of failure)
Press: ? - help, Shift-Dir - straight line, f/p - Terence
Aim: Terence, wielding a +5 mace of protection, wearing a +0 scale mail and carrying a wand of flame (22) (heavily wounded, very poisoned, 75% to hit)
The sting hits Terence but does no damage.
Terence looks even sicker.
Terence is heavily wounded.
Casting: Sting (safe; 7% risk of failure)
Confirm with . or Enter, or press ? or * to list all spells.
Aiming: Sting (safe; 7% risk of failure)
Press: ? - help, Shift-Dir - straight line, f/p - Terence
Aim: Terence, wielding a +5 mace of protection, wearing a +0 scale mail and carrying a wand of flame (22) (heavily wounded, very poisoned, 75% to hit)
The sting hits Terence but does no damage.
Terence looks as sick as possible!
Terence is heavily wounded.
Terence zaps a wand.
The puff of flame hits you!
Ouch! That really hurt!
* * * LOW HITPOINT WARNING * * *
Terence zaps a wand.
The puff of flame hits you!
Ouch! That really hurt!
You die...

#.# #.# #.....# #.###.##
#.# ##.## #.....#
#....... ####.#####...#
#.....# ###.#.##
.........#...####.....#
#.#.#
.....###.......##.....#
#.#.# .#####
#.......######.# #.#.# .
#..<.@..# #.# #<#.# .
#.#...#.######.# #.#.# .
#.#...#..@.....# #.#.# .
#.#####.#############.#.#
. ..# #.. ..........# .
#.# #.# ........### #.#
#.. ######### #.. #.. #.


You could see Terence (very poisoned).

Vanquished Creatures
  4 ball pythons
  3 bats (D:1)
  4 endoplasms (D:1)
  3 goblins (D:1)
  5 hobgoblins
  5 kobolds (D:1)
  3 quokkas (D:1)
  3 frilled lizards (D:1)
  2 rats (D:1)
32 creatures vanquished.

Notes
Turn   | Place    | Note
-------+----------+-------------------------------------------
     0 | D:1      | Inus the Felid Venom Mage began the quest for the Orb.
     0 | D:1      | Reached XP level 1. HP: 7/7 MP: 4/4
   123 | D:1      | Reached XP level 2. HP: 11/11 MP: 4/6
   708 | D:1      | Reached XP level 3. HP: 14/14 MP: 3/7
   740 | D:1      | Learned a level 2 spell: Poisonous Vapours
   744 | D:1      | Learned a level 3 spell: Mephitic Cloud
   817 | D:1      | Found a faded altar of an unknown god.
  1169 | D:2      | Noticed Terence
  1193 | D:2      | Killed from afar by Terence

Illustrated notes

Levels and vault maps discovered:
D:1:      lemuel_arrival_behind_the_door_large, layout_basic,
          shapermc_ecumenical_altar_pompeii, minmay_pentomino_p4
D:2:      layout_loops_ring, nicolae_shop_vocational, uniq_terence,
          uniq_natasha, uniq_robin

Skill      XL: |  1  2  3 |
---------------+----------+-----
Stealth        | 3 |  3.0
Dodging        | 3 |  3.0
Poison Magic   | 3 |  3.0
Transmutations | 2 |  2.0
Spellcasting   | |  2.4

Action                   || total
-------------------------++-------
Melee: Unarmed           ||    40
       Bite              ||     5
 Cast: Sting             ||    42
       Poisonous Vapours ||     3
 Stab: Sleeping          ||     1
Armor: Skin              ||     2
Dodge: Dodged            ||    40

Table legend: (Time is in decaauts)
 A = Elapsed time spent in this place.
 B = Non-inter-level travel time spent in this place.
 C = Inter-level travel time spent in this place.
 D = Time resting spent in this place.
 E = Time spent auto-exploring this place.
 F = Levels seen in this place.
 G = Mean time per level.
                   A        B        C        D        E       F      G
               +--------+--------+--------+--------+--------+-----+--------+
         Total |   1044 |   1020 |     24 |      0 |    767 |   2 |  522.0 |
       Dungeon |   1044 |   1020 |     24 |      0 |    767 |   2 |  522.0 |
               +--------+--------+--------+--------+--------+-----+--------+

Top non-repeatable levels by time:
     D:1: 927 daAuts
     D:2: 116 daAuts
